 Seeded DCSS version 0.29-a0-375-g5102b3be25 (webtiles) character file.

Game seed: 12277325093202877910 (custom seed)

1206 zeratav the Basher (level 8, 0/39 HPs)
             Began as a Vine Stalker Fighter on May 3, 2022.
             Was a Believer of Uskayaw.
             Killed by divine providence
             ... invoked by an orc priest
              (14 damage)
             ... on level 6 of the Dungeon.
             The game lasted 00:09:21 (4119 turns).

zeratav the Basher (Vine Stalker Fighter)           Turns: 4119, Time: 00:09:23

Health: 0/39       AC: 18    Str: 21    XL:     8   Next: 45%
Magic:  0/9        EV: 10    Int:  8    God:    Uskayaw [**....]
Gold:   263        SH:  4    Dex: 14    Spells: 7/7 levels left

rFire   + . .      SeeInvis .   l - +2 flail (venom) {mace}
rCold   . . .      Faith    .   c - +0 buckler
rNeg    . . .      Spirit   +   a - +8 ring mail "Fixzy" {rF+ Regen+ Stlth+}
rPois   +          Reflect  .   (no helmet)
rElec   .          Harm     .   (no cloak)
rCorr   .          Rampage  .   y - +0 pair of gloves
Will    +....                   (no boots)
Stlth   ++........              (no amulet)
HPRegen 1.73/turn               j - +4 ring of protection
MPRegen 0.11/turn               v - ring of poison resistance

@: no status effects
A: fangs 3, regeneration 1, magic shield, antimagic bite, no potion heal 2
a: Renounce Religion, Stomp, Line Pass


You were on level 6 of the Dungeon.
You worshipped Uskayaw.
Uskayaw was noncommittal.
You visited 2 branches of the dungeon, and saw 7 of its levels.

You collected 263 gold pieces.


Innate Abilities, Weirdness & Mutations

You have razor-sharp teeth.
Your natural rate of healing is unusually fast.
When hurt, damage is shared between your health and your magic reserves.
Your bite disrupts and absorbs the magic of your enemies.
Potions cannot restore your health.


   Skills:
 - Level 2.6 Fighting
 + Level 9.2 Maces & Flails
 - Level 2.4 Armour
 - Level 2.6 Shields


You had 7 spell levels left.
You didn't know any spells.
Your spell library contained the following spells:

 Spells                   Type           Power      Damage    Failure   Level
 Pain                     Necr           0%         1d4       67%         1
 Agony                    Necr           0%         N/A       100%        5
 Excruciating Wounds      Necr           0%         N/A       100%        5

Inventory:

Hand Weapons
 l - a +2 flail of venom (weapon) {mace}
   (You took it off a gnoll on level 4 of the Dungeon)
Armour
 a - the +8 ring mail "Fixzy" (worn) {rF+ Regen+ Stlth+}
   (You found it on level 5 of the Dungeon)

   rF:        It protects you from fire.
   Regen:     It increases your rate of health regeneration.
   Stlth:     It makes you more stealthy.
 c - a +0 buckler (worn)
 q - the +0 tower shield of Divine Intervention {+Blink Regen+}
   (You acquired it on level 3 of the Dungeon)

   +Blink:    It lets you blink.
   Regen:     It increases your rate of health regeneration.
 y - a +0 pair of gloves (worn)
   (You found it on level 5 of the Dungeon)
Jewellery
 j - a +4 ring of protection (left hand)
   (You found it on level 1 of the Dungeon)
 v - a ring of poison resistance (right hand)
   (You found it on level 3 of the Dungeon)
 G - a ring of positive energy
   (You found it on level 5 of the Dungeon)
Wands
 o - a wand of iceblast (8)
   (You found it on level 2 of the Dungeon)
 z - a wand of flame (15)
   (You found it on level 5 of the Dungeon)
 I - a wand of paralysis (5)
   (You found it on level 5 of the Dungeon)
Scrolls
 g - 10 scrolls of identify {unknown}
 h - a scroll of teleportation {unknown}
 i - 2 scrolls of poison {unknown}
 m - a scroll of brand weapon {unknown}
 n - a scroll of noise {unknown}
 r - a scroll of fog {unknown}
 s - 2 scrolls of amnesia {unknown}
 w - a scroll of vulnerability {unknown}
 x - 2 scrolls of fear {unknown}
 B - a scroll of silence {unknown}
 C - a scroll of magic mapping {unknown}
Potions
 d - 2 potions of might
 e - a potion of curing {unknown}
 f - 2 potions of attraction {unknown}
 k - 2 potions of flight {unknown}
 p - 2 potions of heal wounds {unknown}
 t - a potion of resistance {unknown}
 u - a potion of mutation {unknown}
 J - 2 potions of invisibility {unknown}

Dungeon Overview and Level Annotations

Branches:
Dungeon (6/15)             Temple (1/1) D:4

Altars:
Ashenzari
Cheibriados
Elyvilon
Gozag
Kikubaaqudgha
Makhleb
Nemelex Xobeh
Okawaru
Qazlal
Ru
Sif Muna
Trog
Uskayaw
Vehumet
Wu Jian
Yredelemnul
The Shining One

..z######
...zshD@#
......oo.......
.......O.......
...............
........#......
........#######
........#
####.####


You could see a steam dragon (catching breath), a black bear, an ogre, a
scorpion, 2 wights and 2 orc priests.


Message History

No target in view!
No target in view!
No target in view!
No target in view!
No target in view!
No target in view!
Things that are here:
a +0 club {mace}; an orc corpse Done exploring.
Done exploring.
Done exploring.
You drop a +0 chain mail.
You drop a +0 scale mail.
You drop a +0 leather armour.
You drop a +0 robe. x2
You drop a +0 leather armour.
You drop a +0 robe.
You drop a ring of magical power.
(D) Dungeon (T) Temple
Where to? (Enter - D:5 @ (x,y), ? - help) As you open the door, it creaks loudly!
Unknown command.
(D) Dungeon (T) Temple
Where to? (Enter - D:6, ? - help)
There is an open door here.
There is an open door here.
There is an open door here.
There is a stone staircase leading down here.
You climb downwards.
The orc priest shouts!
The orc wizard shouts!
You hear an angry hiss.
You hear a shout! x3; The orc priest shouts!
You hear an angry growl.
There is a stone staircase leading up here.
There are monsters nearby!
The orc wizard casts a spell at you. The puff of flame misses you.
A steam dragon comes into view.
The orc wizard casts a spell at you.
You easily resist.
The orc priest mumbles some strange prayers to Beogh against you.
Beogh smites you!
HP[-7] MP[-1]
You take 7 damage, and now have 32/39 hp.
You lost 1 mp, and now have 8/9 mp.
An ogre comes into view. It is wielding a +0 giant club.
HP[+2]
You regained 2 hp, and now have 34/39 hp.
You barely miss the orc. Your bite misses the orc.
The orc wizard mumbles some strange words.
The orc wizard flickers and vanishes!
Deactivating autopickup; reactivate with Ctrl-A.
The orc hits you with a +0 mace.
HP[+1]
You sock the orc!
You kill the orc!
HP[+1]
You closely miss the orc priest. Your bite misses the orc priest.
A black bear comes into view.
A scorpion comes into view.
The orc priest invokes the aid of Beogh against you.
Beogh smites you!
The orc priest hits you but does no damage.
HP[-10] MP[-3]
You take 10 damage, and now have 26/39 hp.
MASSIVE DAMAGE!! (PAUSE)
You lost 3 mp, and now have 5/9 mp.
You sock the orc priest!
The orc priest looks as sick as possible!
You bite the orc priest.
You kill the orc priest!
The orc priest begins to cast a cantrip, but forgets the words!
You can now pass through a line of other dancers.
HP[+2]
You regained 2 hp, and now have 28/39 hp.
You hit the orc priest.
The orc priest is poisoned.
The steam dragon breathes steam at you.
The ball of steam hits you but does no damage.
A wight comes into view. It is wielding a +0 morningstar.
HP[+1]
You hit the orc priest.
The orc priest looks even sicker.
The orc priest hits you but does no damage.
A magic dart appears from out of thin air!
The magic dart hits you.
HP[-2] MP[-1]
You take 2 damage, and now have 27/39 hp.
You lost 1 mp, and now have 4/9 mp.
You hit the orc priest. You block the orc priest's attack.
The orc priest casts a cantrip, but nothing happens.
A wight comes into view. It is wielding a +0 scimitar.
The steam dragon breathes steam at you. The ball of steam hits you. You resist.
You hear an angry hiss.
You hear a shout!
HP[-2] MP[-1]
You take 2 damage, and now have 25/39 hp.
You lost 1 mp, and now have 3/9 mp.
You barely miss the orc priest. Your bite misses the orc priest.
The orc priest invokes the aid of Beogh against you.
Beogh smites you!
* * * LOW HITPOINT WARNING * * *
The orc priest mumbles some strange prayers to Beogh against you.
Beogh smites you!
You die...

Skill      XL: |  1  2  3  4  5  6  7  8 |
---------------+-------------------------+-----
Maces & Flails | 2 3 4 5 6 8 9 |  9.2
Fighting       | |  2.6
Armour         | |  2.4
Shields        | |  2.6

Action                   |  1- 3 |  4- 6 |  7- 9 || total
-------------------------+-------+-------+-------++-------
Melee: Flail             |    79 |   113 |   107 ||   299
       Bite              |    11 |    22 |    33 ||    66
Invok: Line Pass         |       |     1 |     3 ||     4
  Use: Scroll            |       |     1 |       ||     1
 Stab: Paralysed         |       |       |     1 ||     1
Armor: Scale mail        |    42 |    50 |    13 ||   105
       Ring mail         |       |       |    41 ||    41
Dodge: Dodged            |    34 |    60 |    37 ||   131
Block: Buckler           |    26 |    23 |    23 ||    72

Levels and vault maps discovered:
D:1:      tarquinn_simple_flora_water_e, layout_basic, basic_ecumenical_altar,
          nicolae_concentric_dashed_squares_wild
D:2:      layout_basic
D:3:      layout_loops_ring
D:4:      layout_loops_corners, minmay_temple_entry_sparse_star
D:5:      layout_basic, mainiacjoe_overflow_six_doors_small
D:6:      layout_rooms
Temple:   dpeg_three_leaves_temple

Notes
Turn   | Place    | Note
-------+----------+-------------------------------------------
     0 | D:1      | zeratav the Vine Stalker Fighter began the quest for the
                  | Orb.
     0 | D:1      | Reached XP level 1. HP: 11/11 MP: 2/2
     0 | D:1      | magus.rc [v1.9.6]
   114 | D:1      | Reached skill level 2 in Maces & Flails
   238 | D:1      | Reached XP level 2. HP: 12/16 MP: 3/3
   460 | D:1      | Reached skill level 3 in Maces & Flails
   472 | D:1      | Reached XP level 3. HP: 16/19 MP: 2/4
   809 | D:1      | Found a faded altar of an unknown god.
  1657 | D:3      | Gained mutation: Your natural rate of healing is unusually
                  | fast. [Vine Stalker growth]
  1657 | D:3      | Reached XP level 4. HP: 21/23 MP: 5/5
  1658 | D:3      | Identified a scroll of acquirement
  1658 | D:3      | Acquired the +0 tower shield of Divine Intervention {+Blink
                  | Regen+}
  1695 | D:3      | Reached skill level 4 in Maces & Flails
  1801 | D:3      | Noticed a bullfrog
  1811 | D:3      | Killed a bullfrog
  1812 | D:3      | Reached XP level 5. HP: 23/27 MP: 6/6
  2422 | D:4      | Reached skill level 5 in Maces & Flails
  2449 | D:4      | Found a staircase to the Ecumenical Temple.
  2472 | Temple   | Entered the Ecumenical Temple
  2482 | Temple   | Became a worshipper of Uskayaw the Reveller
  2533 | D:4      | Reached * piety under Uskayaw
  2682 | D:4      | Reached ** piety under Uskayaw
  2686 | D:4      | Reached XP level 6. HP: 31/32 MP: 7/7
  2762 | D:4      | You pick up a book of Pain and begin reading...
  2762 | D:4      | You add the spells Pain, Agony and Excruciating Wounds to
                  | your library.
  2835 | D:4      | Reached skill level 6 in Maces & Flails
  2855 | D:4      | Noticed a black bear
  2864 | D:4      | Reached *** piety under Uskayaw
  2867 | D:4      | Killed a black bear
  3007 | D:4      | Reached XP level 7. HP: 30/35 MP: 8/8
  3420 | D:5      | Entered Level 5 of the Dungeon
  3428 | D:5      | Reached skill level 7 in Maces & Flails
  3471 | D:5      | Identified the +8 ring mail "Fixzy" {rF+ Regen+ Stlth+}
  3641 | D:5      | Reached **** piety under Uskayaw
  3642 | D:5      | Reached skill level 8 in Maces & Flails
  3665 | D:5      | Gained mutation: You have razor-sharp teeth. [Vine Stalker
                  | growth]
  3665 | D:5      | Reached XP level 8. HP: 26/39 MP: 4/9
  3667 | D:5      | Reached ***** piety under Uskayaw
  3806 | D:5      | Reached skill level 9 in Maces & Flails
  3880 | D:5      | Found a stormy altar of Qazlal.
  4119 | D:6      | Killed from afar by an orc priest

Vanquished Creatures
  2 black bears
  2 ogres (D:5)
  A phantom (D:4)
  2 scorpions
  A bullfrog (D:3)
  3 hounds (D:5)
  2 jellies (D:5)
  3 orc priests
  2 gnoll shamans
  3 iguanas
  An orc wizard (D:5)
  10 gnolls
  2 adders (D:3)
  A white imp (D:5)
  3 dart slugs
  5 orcs
  9 endoplasms
  4 giant cockroaches
  5 goblins
  3 hobgoblins
  10 jackals
  3 ball pythons
  6 bats
  4 frilled lizards
  8 kobolds
  5 rats
100 creatures vanquished.

Vanquished Creatures (others)
  An orc wizard (D:5)
1 creature vanquished.

Grand Total: 101 creatures vanquished

Table legend:
 A = Non-vault XP
 B = Vault XP
 C = Vault XP percentage of total XP
 D = Non-vault monster count
 E = Vault monster count
 F = Vault count percentage of total count
                 A         B        C        D         E       F
            +---------+---------+-------+---------+---------+-------
      Total |    1723 |       0 |   0.0 |     101 |       0 |   0.0
            +---------+---------+-------+---------+---------+-------
        D:1 |      54 |       0 |   0.0 |      25 |       0 |   0.0
        D:2 |      16 |       0 |   0.0 |       7 |       0 |   0.0
        D:3 |     131 |       0 |   0.0 |      16 |       0 |   0.0
        D:4 |     485 |       0 |   0.0 |      26 |       0 |   0.0
        D:5 |     993 |       0 |   0.0 |      25 |       0 |   0.0
        D:6 |      44 |       0 |   0.0 |       2 |       0 |   0.0
            +---------+---------+-------+---------+---------+-------

Illustrated notes

Table legend:
 A = Kills in this place as a percentage of kills in entire the game.
 B = Kills by you in this place as a percentage of kills by you in the entire game.
 C = Kills by friends in this place as a percentage of kills by friends in the entire game.
 D = Other kills in this place as a percentage of other kills in the entire game.
 E = Experience gained in this place as a percentage of experience gained in the entire game.
 F = Experience gained in this place divided by the number of levels of this place that you have seen.
                   A       B       C       D       E      F
               +-------+-------+-------+-------+-------+----------------------
         Total | 100.0 | 100.0 |   N/A | 100.0 | 100.0 | 246.1
       Dungeon | 100.0 | 100.0 |   N/A | 100.0 | 100.0 | 287.2
               +-------+-------+-------+-------+-------+----------------------

Table legend: (Time is in decaauts)
 A = Elapsed time spent in this place.
 B = Non-inter-level travel time spent in this place.
 C = Inter-level travel time spent in this place.
 D = Time resting spent in this place.
 E = Time spent auto-exploring this place.
 F = Levels seen in this place.
 G = Mean time per level.
                   A        B        C        D        E       F      G
               +--------+--------+--------+--------+--------+-----+--------+
         Total |   4169 |   4005 |    164 |    163 |   3065 |   7 |  595.6 |
       Dungeon |   4151 |   4002 |    149 |    163 |   3065 |   6 |  691.8 |
        Temple |     18 |      3 |     15 |      0 |      0 |   1 |   18.0 |
               +--------+--------+--------+--------+--------+-----+--------+

Top non-repeatable levels by time:
     D:1: 1146 daAuts
     D:4: 1132 daAuts
     D:5: 693 daAuts
     D:3: 648 daAuts
     D:2: 519 daAuts
  Temple: 18 daAuts
     D:6: 10 daAuts
